 BcadrenCrawl: Boulder Brew version 0.05.32 (webtiles) character file.

Game seed: 10166305242624689312, levelgen mode: deterministic

924 BR41ND34D the Ducker (level 7, -1/46 HPs) Silent Spectre Demigod. Began on Oct 5, 2021. Slain by a water moccasin (9 damage) ... on level 2 of the Dungeon. The game lasted 00:18:49 (3031 turns).

BR41ND34D the Ducker (Silent Spectre Demigod)       Turns: 3031, Time: 00:18:50

Health: -1/46      AC:  3    Str: 18    XL:     7 ^: 375
Magic:  13/17      EV: 18    Int: 17    God:
Gold:   133        SH:  0    Dex: 19    Spells: 7/13 levels left

rFire    + . .     Vision   .   a - +0 rapier
rCold    . . .     Gourm    .   (no weapon)
rNeg     + + +     Faith    .   h - +0 leather armour {rF+}
rCorr    . . .     Spirit   .   (no helmet)
rPois    ∞         Reflect  .   (no cloak)
rElec    .         Harm     .   (no gloves)
MR       .....                  (no boots)
Stlth    +++.......             (no amulet)
HPRegen  0.25/turn              (no ring)
MPRegen  0.27/turn              (no ring)

@: very slightly contaminated, silenced
A: silence aura 2, high mp 1, negative energy resistance 3, STR +3, torment
resistance, unbreathing, petrification resistance, silent casting, insubstantial
a: no special abilities


You were on level 2 of the Dungeon.
You were not hungry.

You visited 1 branch of the dungeon, and saw 2 of its levels.

You collected 133 gold pieces.

Inventory:

Weapons
 a - a +0 rapier (weapon) Shields
 b - a +1 heater shield of protection
Armour
 h - a +0 leather armour of fire resistance (worn)
Potions
 c - 2 potions of resistance
 d - a potion of lignification
 e - 3 potions of curing
 f - a potion of cancellation
 g - a potion of agility
 i - a potion of magic


   Skills:
 * Level 3.2 Fighting
 + Level 3.0 Short Blades
 + Level 4.8 Dodging
 + Level 4.2 Stealth
 * Level 3.9 Spellcasting
 - Level 2.2 Fire Magic
 + Level 2.7 Air Magic
 + Level 1.8 Poison Magic


You had 7 spell levels left.
You knew the following spells:

 Your Spells              Type           Power        Failure   Level  Hunger
a - Flame Tongue          Fire           11 (30)      10%         1    N/A
b - Call Imp              Summ           3 (100)      32%         2    N/A
c - Mephitic Cloud        Pois/Air       11 (100)     26%         3    N/A

Your spell library contained the following spells:

 Spells                   Type           Power        Failure   Level  Hunger
 Slow                     Hex            3 (100)      22%         1    N/A
 Conjure Flame            Fire           11 (100)     26%         3    N/A
 Blink                    Tloc           N/A          32%         2    N/A

Dungeon Overview and Level Annotations

Branches:
Dungeon (2/8)

Shops:
D:2 (


Innate Abilities, Weirdness & Mutations

You are immune to poison.
You are surrounded by an aura of unnatural quiet.
You have an increased reservoir of magic. (+15% MP)
You are immune to negative energy. (rN+++)
You are immune to unholy pain and torment.
You can survive without breathing.
You are immune to petrification.
You can communicate with gods and cast spells while silenced.
Your insubstantial form boosts your evasion and grants immunity to sticky flames, nets and constriction.
You are very strong. (STR +3)


Message History

The water moccasin is moderately wounded. (20/31) HP The water moccasin closely misses you (0).
The jackal skeleton misses you (0).
You closely miss the water moccasin. You barely miss the water moccasin.
The water moccasin barely misses you (0).
The jackal skeleton closely misses you (0).
The water moccasin misses you (0).
The jackal skeleton splashes around in the water.
You barely miss the water moccasin.
You hit the water moccasin but do no damage.
The water moccasin is moderately wounded. (20/31) HP The water moccasin bites you (1).
* * * LOW HITPOINT WARNING * * *
The jackal skeleton splashes around in the water.
The water moccasin bites you (1).
* * * LOW HITPOINT WARNING * * *
The jackal skeleton is engulfed in a cloud of scalding steam (6).
The water moccasin is engulfed in a cloud of scalding steam (4).
The water moccasin bites you (9)!
You die...

##.....##.≈≈≈≈≈≈≈#
#≈≈.#≈≈;≈
......###.≈≈≈≈≈≈≈#
###.#≈≈≈≈ ....###
#..≈≈≈≈≈P# ###.≈≈≈
..≈## #.≈≈≈....#
#...≈ .###
#≈≈P..≈≈.# #.≈..
#### #.P..≈≈≈.#
#.≈≈≈ #≈≈##
#...≈≈≈≈.# #.≈≈≈
..≈.## #.≈≈≈≈≈≈.#
#.≈≈≈ ....≈#
#≈≈≈≈≈≈≈@# #≈.).
...≈≈# #≈≈≈≈≈≈SZ#
#≈≈≈. ....##
#≈≈≈≈≈≈≈§# #≈≈≈≈
...## #.≈≈≈b§≈§#
###≈≈≈≈ ..≈≈#
#?.≈≈≈≈.≈#
###..≈≈≈≈ ≈[.P#
#≈≈≈≈≈≈≈.#
#≈.†.≈≈≈≈ #.≈##
≈≈≈≈≈≈≈.#
##..##≈≈≈≈ ####
≈≈≈≈≈≈≈.#
##..###≈≈≈≈
..≈≈≈≈≈≈# ##≈.≈#
#≈≈≈.


You could see a water moccasin and a jackal skeleton.

Vanquished Creatures
  2 water moccasins (D:2)
  A big kobold (D:2)
  6 jellies (D:2)
  5 giant cockroaches
  7 adders (D:2)
  14 sewer rats
  11 cinder newts
  3 worms (D:2)
  2 leopard geckos (D:2)
  An adder skeleton (D:2)
  2 ball pythons
  A cinder newt skeleton (D:2)
  6 goblins (D:1)
  3 hobgoblins (D:1)
  7 bats
  A goblin skeleton (D:2)
  A hobgoblin skeleton (D:2)
  9 kobolds
  2 rats (D:1)
  A plant (D:2)
  17 withered plants (D:2)
102 creatures vanquished.

Vanquished Creatures (others)
  A jelly (D:2)
  2 ball pythons (D:2)
  A bat (D:2)
  A bat skeleton (D:2)
  A rat (D:2)
  2 giant blowflies (D:2)
  A plant (D:2)
  A slimehead (D:2)
  171 withered plants (D:2)
181 creatures vanquished.

Grand Total: 283 creatures vanquished

Notes
Turn   | Place    | Note
-------+----------+-------------------------------------------
     0 | D:1      | BR41ND34D the Silent Spectre Demigod began the quest for
                  | the Orb.
     0 | D:1      | Reached XP level 1. HP: 12/12 MP: 5/5
    53 | D:1      | Reached skill level 1 in Fighting
    53 | D:1      | Reached XP level 2. HP: 17/18 MP: 7/7
   128 | D:1      | Reached XP level 3. HP: 23/23 MP: 9/9
   296 | D:1      | Reached XP level 4. HP: 29/29 MP: 11/11
   307 | D:1      | Learned a level 2 spell: Call Imp
   311 | D:1      | Learned a level 3 spell: Mephitic Cloud
   845 | D:2      | Reached XP level 5. HP: 21/34 MP: 13/13
   917 | D:2      | Reached skill level 1 in Air Magic
  1357 | D:2      | Reached XP level 6. HP: 19/41 MP: 9/14
  1576 | D:2      | Reached skill level 1 in Poison Magic
  1773 | D:2      | Found Fizoot's Weapon Shop.
  1959 | D:2      | Reached XP level 7. HP: 45/45 MP: 13/16
  3031 | D:2      | Slain by a water moccasin

Levels and vault maps discovered:
D:1:      wander_arrival_estate, layout_cave_pools, portal_sewer_entry_a
D:2:      layout_sewer, sewer_guarded_exit, serial_shops,
          nicolae_shop_waterfront, serial_bayou_pond_d

Skill      XL: |  1  2  3  4  5  6  7 |
---------------+----------------------+-----
Fighting       | 1 2 3 |  3.2
Short Blades   | 2 3 |  3.0
Spellcasting   | 2 3 |  3.9
Stealth        | 3 4 |  4.2
Dodging        | 4 |  4.8
Air Magic      | 1 2 |  2.7
Poison Magic   | 1 |  1.8
Fire Magic     | |  2.2

Action                   |  1- 3 |  4- 6 |  7- 9 || total
-------------------------+-------+-------+-------++-------
Melee: Rapier            |    71 |   428 |   140 ||   639
       Unarmed           |    53 |   403 |   109 ||   565
 Cast: Flame Tongue      |       |    23 |    20 ||    43
  Use: Potion            |       |     1 |       ||     1
 Stab: Sleeping          |     1 |     1 |     3 ||     5
Armor: Leather armour    |     9 |    51 |    17 ||    77
Dodge: Dodged            |    88 |   465 |    98 ||   651
